 Dungeon Crawl Stone Soup version 0.32-a0-986-ga09f62fbf4 (webtiles) character file.

Game seed: 14185251370676298899

1627116 RBrandon the Wishgranter (level 27, 204/204 HPs)
             Began as a Djinni Fire Elementalist on Apr 21, 2024.
             Was an Initiate of Gozag.
             Escaped with the Orb
             ... and 3 runes on Apr 22, 2024!
             The game lasted 04:04:55 (72734 turns).

RBrandon the Wishgranter (DjFE)                    Turns: 72734, Time: 04:04:55

Health: 204/204    AC: 29    Str:  9    XL:     27
Gold:   21390      EV: 17    Int: 40    God:    Gozag SH:  0 Dex: 17

rFire   + + +        a - staff of fire
rCold   . . .        s - sphere of Battle
rNeg    . . .        E - +6 scale mail "Obryz" {rC+}
rPois   ∞            H - +2 helmet {Int+3}
rElec   +            i - +2 cloak
rCorr   .            N - +2 pair of gloves
SInv    .            (boots unavailable)
Will    +++..        Z - amulet of regeneration
Stlth   +            W - ring "Evuanu" {Will+ Str+3 Stlth+}
HPRegen 1.34/turn    O - +6 ring of intelligence

%: no passive effects
@: flying, studying Maces & Flails
A: sickness immunity, fire resistance 2, cold vulnerability 1, float, innate
caster, HP casting, extra vitality 1, clever 1, electricity resistance
0: Orb of Zot
}: 3/15 runes: decaying, serpentine, slimy
a: Renounce Religion, Potion Petition, Call Merchant, Bribe Branch


You escaped.
You worshipped Gozag.
Gozag was extremely pleased with you.
You visited 10 branches of the dungeon, and saw 51 of its levels.
You also visited: Volcano.

You collected 29454 gold pieces.
You spent 4149 gold pieces at shops.
You paid 3915 gold pieces to Gozag.

Inventory:

Missiles
 r - 4 throwing nets
Armour
 i - a +2 cloak (worn)
 s - the sphere of Battle (worn)
   (You bought it in a shop on level 9 of the Dungeon)

   Battle:    It summons a battlesphere in combat, with strength depending on
   Conjurations skill.
   Destructive: It enhances your destructive magic, and weakens non-destructive
   magic.
 E - the +6 scale mail "Obryz" (worn) {rC+}
   (You bought it in a shop on level 13 of the Dungeon)

   rC+:       It protects you from cold.
 H - a +2 helmet of intelligence (worn)
   (You bought it in a shop on level 9 of the Dungeon)
 N - a +2 pair of gloves (worn)
Magical Staves
 a - a staff of fire (weapon)
 v - a staff of air
Jewellery
 e - a ring of protection from cold
 w - the ring "Jeaqunute" {rN+ Will+ MP+9}
   (You took it off a deep elf death mage on level 3 of the Elven Halls)

   [ring of magical power]

   rN+:       It protects you from negative energy.
   Will+:     It increases your willpower.
   MP+9:      It affects your magic capacity (+9).
 D - a ring of fire
 I - a ring of willpower
 J - a ring of resist corrosion
 O - a +6 ring of intelligence (right hand)
 W - the ring "Evuanu" (left hand) {Will+ Str+3 Stlth+}
   (You found it on level 2 of the Swamp)

   [ring of willpower]

   Str+3:     It affects your strength (+3).
   Will+:     It increases your willpower.
   Stlth+:    It makes you more stealthy.
 X - the amulet of the Death Scarab {Harm RegenMP+ Int+3}
   (You found it on level 4 of the Vaults)

   [amulet of magic regeneration]

   It increases your rate of magic regeneration.
   Int+3:     It affects your intelligence (+3).
   Harm:      It increases damage dealt and taken.
   RegenMP+:  It increases your rate of magic regeneration.
 Z - an amulet of regeneration (around neck)
Wands
 d - a wand of light (31)
 m - a wand of iceblast (22)
 o - a wand of digging (13)
 A - a wand of polymorph (26)
 B - a wand of mindburst (85)
 S - a wand of charming (41)
Scrolls
 c - 10 scrolls of enchant armour
 g - 3 scrolls of fog
 l - 3 scrolls of enchant weapon
 p - 7 scrolls of fear
 q - 8 scrolls of revelation
 t - 5 scrolls of immolation
 y - 4 scrolls of butterflies
 z - 13 scrolls of teleportation
 C - 5 scrolls of poison
 M - a scroll of brand weapon
 R - 8 scrolls of blinking
 U - 2 scrolls of silence
Potions
 b - 2 potions of resistance
 f - 6 potions of berserk rage
 h - 4 potions of attraction
 j - 5 potions of brilliance
 k - 5 potions of ambrosia
 n - 16 potions of curing
 u - 6 potions of mutation
 x - 4 potions of cancellation
 F - 4 potions of invisibility
 G - 11 potions of enlightenment
 K - 4 potions of heal wounds
 L - 8 potions of lignification
 P - 2 potions of might
 T - 4 potions of haste
Miscellaneous
 Q - a lightning rod (4/4)


   Skills:
 + Level 19.7 Fighting
 + Level 19.9 Armour
 + Level 21.6 Dodging
 - Level 1.5 Stealth
 O Level 27 Spellcasting
 O Level 27 Conjurations
 O Level 27 Hexes
 O Level 27 Summonings
 O Level 27 Necromancy
 O Level 27 Translocations
 O Level 27 Fire Magic
 O Level 27 Ice Magic
 O Level 27 Air Magic
 O Level 27 Earth Magic
 O Level 27 Alchemy
 - Level 8.1 Evocations


You knew the following spells:

 Your Spells              Type           Power      Damage    Failure   Level
a - Foxfire               Conj/Fire      100%       2x1d9     0%          1
b - Scorch                Fire           100%       2d9       0%          2
c - Volatile Blastmotes   Fire/Tloc      100%       2d18      0%          3
d - Inner Flame           Hex/Fire       100%       N/A       0%          3
e - Flame Wave            Conj/Fire      100%       2d21      0%          4
f - Kiss of Death         Conj/Necr      100%       2d13      0%          1
g - Blink                 Tloc           100%       N/A       0%          2
h - Searing Ray           Conj           100%       2d8       0%          2
i - Anguish               Hex/Necr       47%        N/A       0%          4
j - Curse of Agony        Necr           94%        N/A       0%          5
k - Fireball              Conj/Fire      92%        3d34      0%          5
l - Conjure Ball Lightni  Conj/Air       79%        3x3d30    0%          6
m - Seismic Cannonade     Alch/Erth      47%        6d15      0%          7
n - Death Channel         Necr           47%        N/A       0%          6
o - Rimeblight            Ice/Necr       47%        2d8       (prima0%    7
p - Summon Hydra          Summ           47%        N/A       0%          7
q - Lehudib's Crystal Sp  Conj/Erth      79%        10d18     1%          8
r - Fire Storm            Conj/Fire      92%        8d23      1%          9
Your spell library was empty.

Dungeon Overview and Level Annotations

Branches:
Dungeon (15/15)            Temple (0/1) D:6            Lair (5/5) D:10
  Swamp (4/4) Lair:3        Snake (4/4) Lair:3        Slime (5/5) Lair:5
    Orc (2/2) D:11            Elf (3/3) Orc:2        Vaults (4/5) D:13
  Crypt (0/3) Vaults:2     Depths (4/4) D:15            Zot (5/5) Depths:4
Volcano (visited)

Altars:
Ashenzari
Cheibriados
Dithmenos
Elyvilon
Fedhas
Gozag
Okawaru
Qazlal
Ru
Trog
Uskayaw
Xom
Yredelemnul
Jiyva

Shops:
D:9 [   D:11 *   D:13 [   Orc:2 ([*:   Elf:1 =   Snake:2 !=(   Vaults:2 ?
Vaults:4 [   Depths:4 ![(![=:=

Portals:
Hell: Depths:1 Depths:2 Depths:3 Depths:4
Abyss: Orc:1 Depths:3
Pandemonium: Depths:2
Ziggurat: Depths:4

Annotations:
D:1 1 transporter
Lair:1 2 transporters, exclusion: door, riojii's ghost, journeyman CoGl
Orc:1 2 transporters, spaghetti's ghost, journeyman DsCK
Elf:2 3 runed translucent doors
Depths:1 exclusion: obsidian statue
Zot:3 1 runed translucent door, runemasterragnar's ghost, master CoHu


Innate Abilities, Weirdness & Mutations

You are immune to sickness and miasma.
You are immune to poison.
Your flesh is very heat resistant. (rF++)
You are vulnerable to cold. (rC-)
You float through the air rather than walking.
You learn spells naturally, not from books.
Your magical power is your life essence.
You have superior vitality. (+4 MHP)
Your mind is acute. (Int +4, Str/Dex -1)
You are resistant to electric shocks. (rElec)


Message History

Aim: a neqoxec (82% to hit)
You feel a surge of power!
The crystal spear hits the neqoxec!!!!
You kill the neqoxec!
There is an escape hatch in the ceiling here.
You now have 21386 gold pieces (gained 6).
HP restored.
There is an open door here.
You reach down and open the door.
A cacodemon, a sixfirhy and 2 orange demons come into view.
You conjure a globe of magical energy.
The cacodemon shouts!
The orange demon screeches! x2
There is an open door here.
Aiming: Fire Storm (dangerous; 1% risk of failure)
Press: ? - help, Q - select action, (/) - cycle Dir - move target, f - orange demon
Aim: an orange demon You feel a strong surge of power!
A raging storm of fire appears!
The great blast of fire engulfs the orange demon!!!!
You kill the orange demon!
The great blast of fire engulfs the cacodemon!!!!
You kill the cacodemon!
The great blast of fire engulfs the sixfirhy!!!!
You kill the sixfirhy!
The orange demon completely misses you.
Casting: Fire Storm (dangerous; 1% risk of failure)
Confirm with . or Enter, or press ? or * to list all spells.
Aiming: Lehudib's Crystal Spear (mildly dangerous; 1% risk of failure)
Press: ? - help, Shift-Dir - straight line, f - orange demon
Aim: an orange demon (91% to hit)
You feel a surge of power!
The crystal spear hits the orange demon!!!!
You kill the orange demon!
You now have 21390 gold pieces (gained 4).
There is a stone staircase leading up here.
You fly upwards.
Your summoned allies are left behind.
Your battlesphere wavers and loses cohesion.
Level annotation: 1 transporter
There is a stone staircase leading down here.
There is a staircase leading out of the dungeon here.
HP restored.
You have escaped!

.### #.# #..###.## #.#
...# #.# #..##...###.#
...#####.# #..#.....##.#
.........# ###...........#
...##########
#...##.....#### ...# #..#
#.#>###...## .### #..#
##.#.#.##..# .#
#..###.#.#.##...#
.#########..#..#@#.##....#
..............#.#©##.....#
########.##.##.#########.#
# ##...#...##########..# #
#..#.........©##.....# #
#.ß..#.......##......# #
##....##.#...##.......#
#ß.ß.ß.ß##..##........#
#..._...#..######....##


There were no monsters in sight!

Vanquished Creatures
  the Royal Jelly (Slime:5)
  Dissolution (Slime:5)
  A pandemonium lord (D:12)
  3 dread liches (Zot:5)
  6 orbs of fire (Zot:5)
  Mara (Vaults:4)
  Boris (twice) (Vaults:4 Depths:4)
  Parghit (Depths:3)
  Saint Roka (Depths:1)
  2 Killer Klowns
  Margery (Vaults:4)
  Vashnia (Snake:2)
  A curse toe (Zot:3)
  7 golden dragons
  Norris (Depths:2)
  Jory (Vaults:3)
  3 doom hounds (Depths:2)
  An iron giant (Depths:2)
  2 Tzitzimimeh
  3 electric golems
  2 walking crystal tomes (Depths:2)
  14 tentacled monstrosities
  27 Orb Guardians
  21 acid blobs
  7 quicksilver dragons
  A lich (Depths:4)
  Asterion (Snake:1)
  2 deep elf blademasters (Elf:3)
  A walking divine tome (Depths:3)
  2 deep elf master archers (Elf:3)
  Grunn (Depths:2)
  3 sphinxes
  16 storm dragons
  3 thorn hunters
  An Executioner (D:5)
  8 death cobs
  8 shadow dragons
  6 tengu reavers
  A daeva (D:10)
  8 protean progenitors
  Aizul (Snake:1)
  10 azure jellies
  4 nagarajas (Snake:4)
  11 draconian monks
  6 draconian shifters
  6 rockslimes (Slime:5)
  3 iron dragons
  3 deep elf sorcerers (Elf:3)
  4 fire giants
  5 draconian knights
  12 vault wardens
  4 deep elf elementalists (Elf:3)
  A demonspawn warmonger (D:12)
  4 frost giants
  4 draconian scorchers
  A balrug (Depths:4)
  2 hydra zombies (Swamp:4)
  3 ghost moths (Zot:5)
  6 draconian stormcallers
  2 ghouls (Swamp:4)
  A caustic shrike zombie (Depths:1)
  3 reapers
  2 orc warlords
  A spriggan defender (Depths:3)
  A cacodemon (D:2)
  7 draconian annihilators
  A demonspawn corrupter (D:12)
  15 ironbound preservers
  16 very ugly things
  2 grey draconians (Depths:4)
  4 formless jellyfish
  3 vampire knights
  8 ironbound thunderhulks
  5 stone giants
  9 deep elf death magi
  6 quicksilver oozes
  9 deep elf demonologists
  7 eleionomae
  12 green draconians
  2 war gargoyles
  9 spark wasps
  10 red draconians
  10 black draconians
  A bunyip (Swamp:4)
  4 deep elf annihilators (Elf:3)
  5 blizzard demons
  13 white draconians
  9 yellow draconians
  6 purple draconians
  Josephine (Lair:4)
  A crystal guardian (Vaults:4)
  5 ettins
  A merfolk javelineer (Depths:3)
  4 shambling mangroves (Swamp:4)
  An eidolon (Vaults:2)
  2 deep elf high priests
  4 fire dragons
  5 yaktaur captains
  An entropy weaver (Vaults:4)
  8 vault guards
  2 salamander tyrants
  A hell beast (Zot:2)
  11 great orbs of eyes
  2 rakshasas
  4 ghost crabs
  Harold (Orc:1)
  5 ice dragons
  8 alligators
  12 hydras
  3 peacekeepers
  7 ironbound frosthearts
  15 anacondas
  2 catoblepae
  11 dancing weapons
  14 centaur warriors
  2 two-headed ogres (Zot:3)
  3 spriggan air magi
  2 death knights (Vaults:2)
  8 tengu warriors
  13 deep troll earth magi
  15 deep troll shamans
  14 naga warriors
  3 sphinx zombies (Depths:1)
  6 orc high priests
  11 death yaks (Lair:5)
  6 boulder beetles
  A demonic crawler (D:9)
  4 spriggan berserkers
  19 naga sharpshooters
  A vampire mage (Vaults:2)
  2 occultists
  8 shock serpents
  3 soul eaters
  3 sun demons
  10 deep elf knights
  12 hell knights
  A storm dragon zombie (Depths:1)
  A goliath frog (Swamp:2)
  4 salamander mystics
  11 deep elf archers
  4 skysharks
  18 iron trolls
  2 golden dragon zombies (Depths:1)
  2 glowing orange brains
  2 spark wasp zombies (Depths:1)
  4 spriggan druids
  A storm dragon skeleton (Depths:3)
  3 sixfirhies
  82 deep trolls
  6 arcanists
  A flayed ghost (Swamp:4)
  4 naga ritualists
  A shadow demon (D:12)
  14 mana vipers
  A mana viper (shapeshifter) (Vaults:4)
  5 bog bodies
  27 deep elf pyromancers
  2 spectral hydras (Swamp:4)
  11 necromancers
  10 swamp dragons
  6 ironbound convokers
  11 thermic dynamos
  A phantasmal warrior (Swamp:4)
  16 deep elf zephyrmancers
  3 tengu zombies (Depths:1)
  7 orc knights
  2 fire giant zombies
  48 ugly things
  3 oklob plants (Swamp:4)
  3 will-o-the-wisps
  8 cyclopes
  2 frost giant zombies (Depths:1)
  7 lindwurms
  A manticore (D:13)
  12 orc sorcerers
  3 stone giant zombies (Depths:1)
  18 salamanders
  28 moths of wrath
  Maurice (D:10)
  4 large abominations (Depths:3)
  A centaur zombie (D:15)
  5 shining eyes
  11 naga magi
  16 elephants
  13 vault sentinels
  A smoke demon (Volcano)
  2 orange demons (D:2)
  5 eyes of devastation
  5 guardian serpents
  30 black mambas
  2 centaur skeletons (D:15)
  2 molten gargoyles
  A guardian serpent (shapeshifter) (D:13)
  2 rime drakes
  11 cane toads
  4 unseen horrors
  11 komodo dragons
  A freezing wraith (D:15)
  4 tengu conjurers
  3 spriggan zombies (Depths:1)
  26 yaktaurs
  A golden dragon simulacrum (Depths:3)
  4 red devils
  A queen bee (Lair:1)
  8 trolls
  10 tyrant leeches
  A merfolk (D:14)
  4 polar bears (Lair:5)
  2 bloated husks
  A hellwing (D:12)
  6 glass eyes
  22 hornets
  A glass eye (shapeshifter) (Elf:2)
  3 elf zombies (Vaults:3)
  23 blink frogs
  2 ettin zombies (Depths:1)
  7 dream sheep (Lair:5)
  A fire giant simulacrum (Depths:3)
  80 slime creatures
  2 shadows
  A culicivora (Vaults:4)
  5 wyverns
  2 ynoxinuls (Depths:1)
  14 spriggans
  2 air elementals
  8 small abominations (Depths:3)
  3 water elementals
  6 fire elementals
  A yak (shapeshifter) (D:15)
  A vampire (D:13)
  7 wraiths
  11 golden eyes
  52 yaks
  A chaos spawn (D:6)
  6 fire bats (Volcano)
  2 neqoxecs
  3 steam dragons
  A redback (Vaults:4)
  6 basilisks
  11 vampire mosquitoes
  A warg (Orc:2)
  61 nagas
  12 swamp worms
  2 acid dragons
  3 hydra simulacra (Swamp:4)
  An acid dragon (shapeshifter) (Elf:3)
  21 water moccasins
  3 swamp drakes
  3 ice beasts
  43 orc warriors
  2 sky beasts
  5 black bears
  4 laughing skulls (D:15)
  8 ogres
  4 boggarts (Lair:5)
  32 wolves
  3 swamp dragon zombies (Swamp:4)
  2 swamp dragon skeletons (Swamp:4)
  4 centaurs
  2 kobold brigands
  2 human zombies
  15 bullfrogs
  A gnoll sergeant (D:10)
  2 earth elementals
  40 killer bees
  2 howler monkeys
  A bombardier beetle (D:5)
  5 lava snakes (Volcano)
  3 hounds
  A jelly (D:5)
  16 orc priests
  23 orc wizards
  A sleepcap (D:4)
  Ijyb (D:3)
  Natasha (thrice) (D:2)
  3 iguanas
  A human simulacrum (D:9)
  A boggart simulacrum (D:14)
  7 gnolls
  11 adders
  A swamp drake zombie (Swamp:4)
  A swamp drake skeleton (Swamp:4)
  4 ribbon worms
  A dart slug (D:2)
  88 orcs
  5 ball pythons
  4 endoplasms
  A giant cockroach (D:3)
  4 goblins
  17 hobgoblins
  4 jackals
  21 kobolds
  2 quokkas
  6 bats
  3 frilled lizards
  9 rats
  14 aspiring fleshes
2142 creatures vanquished.

Vanquished Creatures (collateral kills)
  A Killer Klown (Zot:5)
  A tentacled monstrosity (Swamp:2)
  A searing wretch (Vaults:4)
  An acid blob (Slime:5)
  2 storm dragons (Zot:2)
  A draconian monk (Zot:4)
  A fire giant (Depths:1)
  A broodmother (Zot:2)
  A very ugly thing (Depths:3)
  A white draconian (Zot:2)
  A fire dragon (Depths:4)
  A crystal guardian (Vaults:4)
  A salamander tyrant (Snake:4)
  2 hydras
  An anaconda (Snake:2)
  A dancing weapon (Elf:1)
  A deep elf archer (Elf:1)
  A deep troll (Depths:2)
  A salamander mystic (Snake:2)
  A bog body (Swamp:3)
  A swamp dragon (Swamp:3)
  An ugly thing (Depths:3)
  A thermic dynamo (Elf:1)
  A salamander (Snake:2)
  A tengu skeleton (Depths:3)
  A black mamba (Snake:4)
  2 tengu conjurers (Depths:3)
  A tyrant leech (Swamp:2)
  A water elemental (Depths:3)
  4 slime creatures
  4 swamp worms
  2 nagas
  2 swamp drakes
  10 foxfires
54 creatures vanquished.

Vanquished Creatures (others)
  A bunyip (Swamp:3)
  An anaconda (Snake:2)
  A bloated husk (Swamp:3)
  A tyrant leech (Swamp:3)
  A water elemental (Elf:2)
  A steam dragon (D:8)
  A human (D:6)
  A human simulacrum (D:9)
  214 ball lightnings
  65 fire vortices
  2179 foxfires
2466 creatures vanquished.

Grand Total: 4662 creatures vanquished

Notes
Turn   | Place    | Note
-------+----------+-------------------------------------------
     0 | D:1      | RBrandon the Djinni Fire Elementalist began the quest for
                  | the Orb.
     0 | D:1      | RBrandon set off with the following spells memorised:
                  | Foxfire, Scorch, Volatile Blastmotes, Inner Flame, Flame
                  | Wave.
     0 | D:1      | Reached XP level 1. HP: 15/15 MP: 0/0
    19 | D:1      | Found a faded altar of an unknown god.
    48 | D:1      | Prayed at the altar of an unknown god.
    48 | D:1      | Became a worshipper of Gozag Ym Sagoz the Greedy
   168 | D:1      | Reached XP level 2. HP: 13/21 MP: 0/0
   580 | D:1      | Reached XP level 3. HP: 23/25 MP: 0/0
   580 | D:1      | Learned a level 1 spell: Kiss of Death
   876 | D:2      | Noticed Natasha
   907 | D:2      | Killed Natasha
   908 | D:2      | Reached XP level 4. HP: 24/31 MP: 0/0
  1291 | D:2      | Noticed Natasha
  1295 | D:2      | Killed Natasha
  1296 | D:2      | Reached XP level 5. HP: 33/35 MP: 0/0
  1296 | D:2      | Learned a level 2 spell: Blink
  1491 | D:2      | Noticed Natasha
  1496 | D:2      | Killed Natasha
  1632 | D:3      | Reached skill level 5 in Spellcasting
  1632 | D:3      | Reached skill level 5 in Conjurations
  1632 | D:3      | Reached skill level 5 in Hexes
  1632 | D:3      | Reached skill level 5 in Summonings
  1632 | D:3      | Reached skill level 5 in Necromancy
  1632 | D:3      | Reached skill level 5 in Translocations
  1632 | D:3      | Reached skill level 5 in Fire Magic
  1632 | D:3      | Reached skill level 5 in Ice Magic
  1632 | D:3      | Reached skill level 5 in Air Magic
  1632 | D:3      | Reached skill level 5 in Earth Magic
  1632 | D:3      | Reached skill level 5 in Alchemy
  1779 | D:3      | Noticed Ijyb
  1786 | D:3      | Killed Ijyb
  2153 | D:4      | Reached XP level 6. HP: 36/40 MP: 0/0
  2251 | D:4      | Found a hide-covered altar of Uskayaw.
  2425 | D:4      | Found a sacrificial altar of Ru.
  2443 | D:4      | Found a white marble altar of Elyvilon.
  2470 | D:4      | Found a basalt altar of Yredelemnul.
  2471 | D:4      | Found a blossoming altar of Fedhas.
  2472 | D:4      | Found a broken altar of Ashenzari.
  2474 | D:4      | Found a shimmering altar of Xom.
  2477 | D:4      | Found a shadowy altar of Dithmenos.
  2477 | D:4      | Found a bloodstained altar of Trog.
  2478 | D:4      | Found an opulent altar of Gozag.
  2776 | D:4      | Reached skill level 1 in Fighting
  2776 | D:4      | Reached XP level 7. HP: 46/47 MP: 0/0
  2776 | D:4      | Learned a level 2 spell: Searing Ray
  2872 | D:5      | Entered Level 5 of the Dungeon
  3030 | D:5      | Noticed an acid dragon
  3058 | D:5      | Killed an acid dragon
  3059 | D:5      | Reached XP level 8. HP: 7/58 MP: 0/0
  3402 | D:5      | Reached skill level 5 in Dodging
  4168 | D:6      | Found a staircase to the Ecumenical Temple.
  4253 | D:6      | Reached skill level 5 in Fighting
  4910 | D:6      | Reached XP level 9. HP: 60/66 MP: 0/0
  4910 | D:6      | Learned a level 4 spell: Anguish
  6061 | D:8      | Identified the +0 chain mail of the Guild-Master {rPois rF-
                  | rC+ Slay+6}
  6411 | D:8      | Reached XP level 10. HP: 65/76 MP: 0/0
  6880 | D:9      | Reached skill level 10 in Dodging
  6937 | D:9      | Found a snail-covered altar of Cheibriados.
  7374 | D:9      | Found Paisugro's Antique Armour Emporium.
  7383 | D:9      | Bought a runed helmet for 255 gold pieces
  8054 | D:10     | Entered Level 10 of the Dungeon
  8214 | D:10     | Reached XP level 11. HP: 22/84 MP: 0/0
  8214 | D:10     | Learned a level 5 spell: Curse of Agony
  8789 | D:10     | Found a staircase to the Lair.
  9001 | D:10     | Noticed Maurice
  9006 | D:10     | Killed Maurice
  9525 | D:10     | Identified a scroll of acquirement
  9536 | D:10     | Acquired 845 gold pieces
  9564 | Lair:1   | Entered Level 1 of the Lair of Beasts
  9850 | Lair:1   | Found a transporter.
  9863 | Lair:1   | Noticed riojii's ghost (journeyman CoGl)
 10178 | Lair:1   | Noticed an elephant
 10179 | Lair:1   | Noticed an elephant
 10195 | Lair:1   | Killed an elephant
 10285 | Lair:1   | Noticed an elephant
 10306 | Lair:1   | Reached XP level 12. HP: 71/91 MP: 0/0
 10322 | Lair:1   | Reached skill level 10 in Fighting
 11740 | Lair:1   | Found a transporter.
 12670 | Lair:2   | Reached XP level 13. HP: 95/101 MP: 0/0
 12670 | Lair:2   | Learned a level 5 spell: Fireball
 13532 | D:9      | Bought the sphere of Battle for 2720 gold pieces
 13532 | D:9      | Found the sphere of Battle
 13767 | Lair:3   | Identified the +0 ring mail of the Slightly Bent {Dex+6
                  | Slay-5}
 13797 | Lair:3   | Noticed a five-headed hydra
 13805 | Lair:3   | Killed a five-headed hydra
 13855 | Lair:3   | Found a staircase to the Swamp.
 13902 | Lair:3   | Found a staircase to the Snake Pit.
 13922 | Lair:3   | Noticed a five-headed hydra
 13926 | Lair:3   | Killed a five-headed hydra
 13927 | Lair:3   | Reached skill level 10 in Spellcasting
 13927 | Lair:3   | Reached skill level 10 in Conjurations
 13927 | Lair:3   | Reached skill level 10 in Hexes
 13927 | Lair:3   | Reached skill level 10 in Summonings
 13927 | Lair:3   | Reached skill level 10 in Necromancy
 13927 | Lair:3   | Reached skill level 10 in Translocations
 13927 | Lair:3   | Reached skill level 10 in Fire Magic
 13927 | Lair:3   | Reached skill level 10 in Ice Magic
 13927 | Lair:3   | Reached skill level 10 in Air Magic
 13927 | Lair:3   | Reached skill level 10 in Earth Magic
 13927 | Lair:3   | Reached skill level 10 in Alchemy
 13991 | Lair:3   | Found a stormy altar of Qazlal.
 13995 | Lair:3   | Found a dark tunnel.
 14009 | Volcano  | Entered a volcano
 14556 | Volcano  | Found a burning altar of Makhleb.
 15343 | Lair:4   | Noticed Josephine
 15353 | Lair:4   | Killed Josephine
 15584 | Lair:4   | Reached XP level 14. HP: 102/110 MP: 0/0
 16473 | Lair:5   | Entered Level 5 of the Lair of Beasts
 16911 | Lair:5   | Found a staircase to the Slime Pits.
 17772 | Lair:5   | Reached XP level 15. HP: 109/114 MP: 0/0
 17772 | Lair:5   | Learned a level 6 spell: Conjure Ball Lightning
 18648 | D:11     | Found Jighell's Demolitions Depot.
 18877 | D:11     | Reached skill level 15 in Dodging
 19426 | D:11     | Found a staircase to the Orcish Mines.
 19893 | Orc:1    | Entered Level 1 of the Orcish Mines
 19894 | Orc:1    | Noticed an orc warlord
 19909 | Orc:1    | Killed an orc warlord
 20204 | Orc:1    | Noticed a green very ugly thing
 20214 | Orc:1    | Noticed spaghetti's ghost (journeyman DsCK)
 20218 | Orc:1    | Found a transporter.
 20218 | Orc:1    | Noticed a daeva
 20224 | Orc:1    | Found a one-way gate to the infinite horrors of the Abyss.
 20463 | Orc:1    | Noticed Harold
 20470 | Orc:1    | Killed Harold
 20942 | Orc:1    | Found a transporter.
 20963 | Orc:2    | Entered Level 2 of the Orcish Mines
 20963 | Orc:2    | Found a staircase to the Elven Halls.
 21315 | Orc:2    | Noticed an orc warlord
 21322 | Orc:2    | Killed an orc warlord
 22030 | Orc:2    | Found Kachiclu's Antique Armour Shop.
 22031 | Orc:2    | Found Mithryaru's Antique Weapon Boutique.
 22032 | Orc:2    | Found Eqestuump's General Store.
 22032 | Orc:2    | Found Saaddaoz's Book Shop.
 22058 | Orc:2    | Bought a scroll of butterflies for 56 gold pieces
 22886 | Orc:2    | Bought a pair of gloves for 126 gold pieces
 23657 | D:12     | Identified the +1 leather armour "Date" {rElec Will- Dex+5}
 23704 | D:12     | Reached XP level 16. HP: 106/124 MP: 0/0
 24001 | D:13     | Reached skill level 15 in Fighting
 24651 | D:13     | Found Osaet's Superior Scales.
 24877 | D:13     | Found a gate to the Vaults.
 25182 | D:14     | Reached skill level 1 in Evocations
 25324 | D:14     | Found a sacrificial altar of Ru.
 27007 | D:15     | Entered Level 15 of the Dungeon
 27064 | D:15     | Reached skill level 5 in Evocations
 27545 | D:15     | Found a staircase to the Depths.
 27617 | D:15     | Identified the +2 robe of Toagogh {^Drain Dex+4 Slay+2}
 28359 | Swamp:1  | Entered Level 1 of the Swamp
 29229 | Swamp:2  | Reached XP level 17. HP: 121/131 MP: 0/0
 29229 | Swamp:2  | Learned a level 7 spell: Seismic Cannonade
 30080 | Swamp:2  | Identified the +11 quarterstaff of the Several Bounties
                  | {antimagic, *Corrode +Blink Dex-3 Stlth+}
 30093 | Swamp:2  | Identified the maw talisman "Heonefud" {rC+ MP+9 Slay+3}
 30154 | Swamp:2  | Noticed a tentacled monstrosity
 30199 | Swamp:2  | Killed a tentacled monstrosity
 30288 | Swamp:2  | Identified the ring "Evuanu" {Will+ Str+3 Stlth+}
 30753 | Swamp:3  | Reached skill level 15 in Spellcasting
 30753 | Swamp:3  | Reached skill level 15 in Conjurations
 30753 | Swamp:3  | Reached skill level 15 in Hexes
 30753 | Swamp:3  | Reached skill level 15 in Summonings
 30753 | Swamp:3  | Reached skill level 15 in Necromancy
 30753 | Swamp:3  | Reached skill level 15 in Translocations
 30753 | Swamp:3  | Reached skill level 15 in Fire Magic
 30753 | Swamp:3  | Reached skill level 15 in Ice Magic
 30753 | Swamp:3  | Reached skill level 15 in Air Magic
 30753 | Swamp:3  | Reached skill level 15 in Earth Magic
 30753 | Swamp:3  | Reached skill level 15 in Alchemy
 31335 | Swamp:3  | Noticed a thorn hunter
 31345 | Swamp:3  | Killed a thorn hunter
 32112 | Swamp:4  | Entered Level 4 of the Swamp
 32161 | Swamp:4  | Noticed a thorn hunter
 32169 | Swamp:3  | Killed a thorn hunter
 33714 | Swamp:4  | Noticed a thorn hunter
 33720 | Swamp:4  | Killed a thorn hunter
 34015 | Swamp:4  | Reached XP level 18. HP: 102/138 MP: 0/0
 34274 | Swamp:4  | Found a blossoming altar of Fedhas.
 34772 | Swamp:4  | Found a basalt altar of Yredelemnul.
 34787 | Swamp:4  | Got a decaying rune of Zot
 34910 | Snake:1  | Entered Level 1 of the Snake Pit
 34914 | Snake:1  | Identified the serpent talisman of Ekeneyso {rC+ rN+}
 34914 | Snake:1  | Noticed Aizul
 34915 | Snake:1  | Noticed Asterion
 34924 | Snake:1  | Killed Aizul
 34924 | Snake:1  | Killed Asterion
 35169 | Snake:1  | Reached skill level 1 in Armour
 36031 | Snake:1  | Reached skill level 5 in Armour
 37207 | Snake:2  | Noticed Vashnia
 38632 | Snake:2  | Found Temp's Distillery.
 38632 | Snake:2  | Found Meluov Koxu's Jewellery Boutique.
 38636 | Snake:2  | Found Naorph's Weapon Shop.
 39277 | Snake:2  | Killed Vashnia
 39823 | Snake:3  | Reached XP level 19. HP: 119/143 MP: 0/0
 39823 | Snake:3  | Learned a level 6 spell: Death Channel
 39838 | Snake:3  | Reached skill level 10 in Armour
 40516 | Snake:4  | Entered Level 4 of the Snake Pit
 41990 | Snake:4  | Got a serpentine rune of Zot
 42487 | Vaults:1 | Entered Level 1 of the Vaults
 42707 | Vaults:1 | Reached XP level 20. HP: 135/150 MP: 0/0
 42719 | Vaults:1 | Reached skill level 15 in Armour
 44223 | D:13     | Bought the +6 scale mail "Obryz" {rC+} for 768 gold pieces
 44453 | Vaults:2 | Identified the +0 robe "Bogosh" {Slay+2}
 44869 | Vaults:2 | Found a staircase to the Crypt.
 45394 | Vaults:2 | Found Vicw's Magic Scroll Shop.
 45662 | Vaults:3 | Reached XP level 21. HP: 126/157 MP: 0/0
 45662 | Vaults:3 | Learned a level 7 spell: Rimeblight
 46264 | Vaults:3 | Noticed Jory
 47956 | Vaults:4 | Identified the +2 robe "Riaroadu" {Dex+5}
 47956 | Vaults:4 | Noticed Boris
 47965 | Vaults:4 | Killed Boris
 47966 | Vaults:4 | Noticed Margery
 48004 | Vaults:4 | Killed Margery
 48183 | Vaults:4 | Noticed Mara
 48306 | Vaults:4 | Noticed RBrandon's illusion
 48309 | Vaults:4 | Killed Mara
 48537 | Vaults:4 | Reached XP level 22. HP: 86/164 MP: 0/0
 48672 | Vaults:3 | Killed Jory
 48872 | Vaults:4 | Identified the +3 scale mail of the Shore {Regen+}
 49105 | Vaults:4 | Identified the amulet of the Death Scarab {Harm RegenMP+
                  | Int+3}
 49693 | Vaults:4 | Found Midghan's Armour Emporium.
 50048 | Elf:1    | Entered Level 1 of the Elven Halls
 50707 | Elf:1    | Found Hum Ywat's Jewellery Shop.
 51118 | Elf:1    | Paralysed by an air elemental for 1 turns
 51801 | Elf:2    | Found a runed translucent gate.
 51802 | Elf:2    | Found a runed translucent gate.
 51802 | Elf:2    | Found a runed translucent gate.
 52410 | Elf:3    | Entered Level 3 of the Elven Halls
 52485 | Elf:3    | Reached XP level 23. HP: 164/172 MP: 0/0
 52485 | Elf:3    | Learned a level 7 spell: Summon Hydra
 52672 | Elf:3    | Identified the +9 long sword "Dulem" {speed, +Blink Fly
                  | rCorr MP-9}
 53281 | Elf:3    | Identified the +4 morningstar of Hubris {freeze, Will++
                  | Dex-2 Stlth+}
 53281 | Elf:3    | Identified the ring "Jeaqunute" {rN+ Will+ MP+9}
 53310 | Elf:3    | Identified the +0 chain mail of Indomitability {rPois
                  | Dex+2}
 53715 | Slime:1  | Entered Level 1 of the Pits of Slime
 54626 | Slime:3  | Gained mutation: Armour fits poorly on your strangely
                  | shaped body. [a shining eye]
 55022 | Slime:4  | Found a viscous altar of Jiyva.
 55027 | Slime:4  | Gained mutation: You are weak. (Str -2) [a shining eye]
 55635 | Slime:5  | Entered Level 5 of the Pits of Slime
 55642 | Slime:5  | Noticed Dissolution
 55654 | Slime:5  | Killed Dissolution
 55656 | Slime:5  | Noticed the Royal Jelly
 55932 | Slime:5  | Reached XP level 24. HP: 57/181 MP: 0/0
 56677 | Slime:5  | Killed the Royal Jelly
 56841 | Slime:5  | Identified the +2 ring mail "Iwabeteg" {Int+4}
 56857 | Slime:5  | Got a slimy rune of Zot
 56877 | Slime:5  | Identified the staff "Vykhlaph" {rC+ Tloc Ice}
 56907 | Slime:5  | Identified the +1 short sword of Tisiqes {spect, Str+2}
 57087 | Slime:5  | Identified the +11 sling "Yhynofekh" {flame, rC+ Int+3}
 57159 | Slime:5  | Identified the +0 plate armour "Siczaxob" {^Drain Fly
                  | Int+5}
 57161 | Slime:5  | Identified the +2 scimitar of Conscience {venom, ^Fragile
                  | rElec rPois rC++}
 57772 | Vaults:4 | Lost mutation: You are weak. (Str -2) [potion of mutation]
 57772 | Vaults:4 | Lost mutation: Armour fits poorly on your strangely shaped
                  | body. [potion of mutation]
 57772 | Vaults:4 | Gained mutation: You expend health (3 HP) to strengthen
                  | your wands. [potion of mutation]
 57772 | Vaults:4 | Gained mutation: You are very vulnerable to cold. (rC--)
                  | [potion of mutation]
 57772 | Vaults:4 | Gained mutation: Your spells are a little harder to cast,
                  | but a little more powerful. [potion of mutation]
 57936 | Depths:1 | Entered Level 1 of the Depths
 58434 | Depths:1 | Found a basalt altar of Yredelemnul.
 58768 | Depths:1 | Found a bloodstained altar of Trog.
 59316 | Depths:1 | Found a gateway to Hell.
 59513 | Depths:1 | Noticed Saint Roka
 59662 | Depths:1 | Killed Saint Roka
 59992 | Depths:1 | Reached XP level 25. HP: 140/187 MP: 0/0
 59992 | Depths:1 | Learned a level 8 spell: Lehudib's Crystal Spear
 60092 | Depths:1 | Identified the +6 chain mail "Bykih" {Harm Regen+}
 61317 | Depths:2 | Found an iron altar of Okawaru.
 61686 | Depths:2 | Found the +6 shillelagh "Devastator" {shatter}
 61914 | Depths:2 | Found a one-way gate leading to the halls of Pandemonium.
 62010 | Depths:2 | Noticed Norris
 62022 | Depths:2 | Killed Norris
 62105 | Depths:2 | Noticed Grunn
 62112 | Depths:2 | Killed Grunn
 62598 | Depths:3 | Noticed Parghit
 62816 | Depths:3 | Lost mutation: You are very vulnerable to cold. (rC--)
                  | [potion of mutation]
 62816 | Depths:3 | Lost mutation: You expend health (3 HP) to strengthen your
                  | wands. [potion of mutation]
 62816 | Depths:3 | Lost mutation: Your spells are a little harder to cast, but
                  | a little more powerful. [potion of mutation]
 62816 | Depths:3 | Gained mutation: You are resistant to electric shocks.
                  | (rElec) [potion of mutation]
 62816 | Depths:3 | Gained mutation: Your mind is acute. (Int +4, Str/Dex -1)
                  | [potion of mutation]
 62910 | Depths:3 | Killed Parghit
 63380 | Depths:4 | Entered Level 4 of the Depths
 63380 | Depths:4 | Found Teryrrisa's Antique Weapon Emporium.
 63409 | Depths:4 | Found a one-way gateway to a ziggurat.
 63412 | Depths:4 | Identified the +3 robe of Ycree {rC+++ rN+ Str-3 Dex+2}
 63412 | Depths:4 | Noticed Boris
 63421 | Depths:4 | Killed Boris
 63422 | Depths:4 | Reached XP level 26. HP: 68/193 MP: 0/0
 63624 | Depths:4 | Found Omip's Distillery.
 63968 | Depths:4 | Bought a potion of haste for 160 gold pieces
 63968 | Depths:4 | Bought a potion of brilliance for 64 gold pieces
 64022 | Depths:4 | Found Zifyror's Armour Emporium.
 64045 | Depths:4 | Found Daeguvif's Armour Boutique.
 64454 | Depths:4 | Found a gate to the Realm of Zot.
 64991 | Depths:4 | Found Vicsegetur's Jewellery Boutique.
 64992 | Depths:4 | Found Bumieq's Book Shoppe.
 64993 | Depths:4 | Found Xiest's Jewellery Boutique.
 65264 | Zot:1    | Entered Level 1 of the Realm of Zot
 66390 | Zot:2    | Reached XP level 27. HP: 149/199 MP: 0/0
 66390 | Zot:2    | Learned a level 9 spell: Fire Storm
 68307 | Zot:2    | You are sucked into a shaft and drop 2 floors!
 69803 | Zot:3    | Noticed a Killer Klown
 69805 | Zot:3    | Killed a Killer Klown
 69922 | Zot:3    | Noticed runemasterragnar's ghost (master CoHu)
 69923 | Zot:3    | Found a runed translucent door.
 69999 | Zot:3    | Reached skill level 27 in Spellcasting
 69999 | Zot:3    | Reached skill level 27 in Conjurations
 69999 | Zot:3    | Reached skill level 27 in Hexes
 69999 | Zot:3    | Reached skill level 27 in Summonings
 69999 | Zot:3    | Reached skill level 27 in Necromancy
 69999 | Zot:3    | Reached skill level 27 in Translocations
 69999 | Zot:3    | Reached skill level 27 in Fire Magic
 69999 | Zot:3    | Reached skill level 27 in Ice Magic
 69999 | Zot:3    | Reached skill level 27 in Air Magic
 69999 | Zot:3    | Reached skill level 27 in Earth Magic
 69999 | Zot:3    | Reached skill level 27 in Alchemy
 70760 | Zot:5    | Entered Level 5 of the Realm of Zot
 71200 | Zot:5    | Noticed a dread lich
 71202 | Zot:5    | Noticed a dread lich
 71212 | Zot:5    | Killed a dread lich
 71215 | Zot:5    | Killed a dread lich
 71244 | Zot:5    | Noticed an orb of fire
 71251 | Zot:5    | Killed an orb of fire
 71258 | Zot:5    | Noticed an orb of fire
 71262 | Zot:5    | Killed an orb of fire
 71272 | Zot:5    | Noticed a dread lich
 71273 | Zot:5    | Killed a dread lich
 71396 | Zot:5    | Noticed a Killer Klown
 71399 | Zot:5    | Killed a Killer Klown
 71512 | Zot:5    | Noticed an orb of fire
 71516 | Zot:5    | Killed an orb of fire
 71518 | Zot:5    | Noticed a Killer Klown
 71518 | Zot:5    | Noticed an orb of fire
 71519 | Zot:5    | Killed a Killer Klown
 71522 | Zot:5    | Killed an orb of fire
 71522 | Zot:5    | Noticed an orb of fire
 71522 | Zot:5    | Noticed an orb of fire
 71526 | Zot:5    | Killed an orb of fire
 71527 | Zot:5    | Killed an orb of fire
 72074 | Zot:5    | Got the Orb of Zot
 72481 | D:12     | Noticed Tozec the pandemonium lord
 72486 | D:12     | Killed Tozec the pandemonium lord
 72734 | D:$      | Escaped with the Orb!

Illustrated notes

Levels and vault maps discovered:
D:1:      spicycebolla_arrival_risky_transporter, layout_loops_ring,
          ebering_ecumenical_altar_ruins
D:2:      layout_loops_corners, uniq_natasha
D:3:      layout_rooms, uniq_ijyb
D:4:      layout_gridville, nicolae_uskayaw_murder_on_the_dancefloor,
          elyvilon_altar_1, kennysheep_mini, grunt_temple_overflow_open
D:5:      layout_layer_cave, minmay_misc_feat_x, minmay_manual_moon
D:6:      layout_loops_ring, tgw_kikubaaqudgha, minmay_temple_entry_steel_oval
D:7:      layout_loops_ring
D:8:      kennysheep_steamy, layout_gridville, kennysheep_doodads
D:9:      layout_roguey, slow_altar_1, serial_shops, shop_statue,
          bh_circular_ruins
D:10:     layout_irregular_city, lair_entry_dummy, uniq_maurice
D:11:     layout_layer_cave, orc_0_dummy, nicolae_blasting_shop
D:12:     layout_gridville, minivault_26
D:13:     cheibrodos_orc_bank, layout_cross, lightli_vaults_fourway_checkpoint,
          gauntlet_entry_generic, hellmonk_scale_shop
D:14:     layout_layer_cave, nicolae_twisty_statue_hallways,
          hangedman_stone_soup, nicolae_ru_great_annihilating_truth
D:15:     grunt_enter_depths_magical_seal, layout_rooms,
          minmay_misc_feat_hallway
Lair:1:   layout_roguey [special_room_bee], nzn_ghost_randoct,
          serial_bayou_shore_b, grunt_megastairs_5
Lair:2:   layout_cave_pods, cheibrodos_lair_reptile_den
Lair:3:   layout_gridlike, skrybe_swamp_entry_bodies,
          guppyfry_snake_entry_garden, nicolae_volcano_entry_hallway,
          basic_altar, nicolae_quartered_pool_little,
          infiniplex_staircase_pool_2
Lair:4:   layout_long_grid, uniq_josephine
Lair:5:   minmay_lair_end_enchanted_forest, layout_hall_layers, slime_entry_1,
          uniq_rupert
Swamp:1:  layout_falls_marsh, evilmike_swamp_ruin_house_5
Swamp:2:  cheibrodos_swamp_monstrosity, layout_falls_marsh,
          hangedman_swamp_ruin_wall
Swamp:3:  layout_basic_swamp, hangedman_swamp_diagram, swamp_pool_3,
          nicolae_swamp_very_dense_foliage
Swamp:4:  byrel_swamp_growth_death_and_undeath, layout_basic_swamp
Snake:1:  layout_layer_cave, uniq_aizul, uniq_asterion
Snake:2:  layout_misc_corridors, grunt_megastairs_3, minmay_shop_star,
          uniq_vashnia
Snake:3:  layout_rooms
Snake:4:  minmay_snake_end_coiled, layout_cave_town
Slime:1:  layout_caves, special_room [special_room_jelly]
Slime:2:  layout_caves
Slime:3:  layout_caves, basic_altar
Slime:4:  layout_caves, basic_altar
Slime:5:  slime_pit_nicolae_amoeboid, uniq_dissolution
Orc:1:    layout_caves, gammafunk_ghost_abyssal_escape, basic_altar, uniq_harold
Orc:2:    st_orc_congregation, layout_diamond_mine
Elf:1:    nicolae_elf_arrival_fired_up, layout_onion_city, serial_shops, shop,
          nicolae_elf_crossing_hall
Elf:2:    nicolae_elf_blades_crystal_corner, layout_loops_corners,
          nicolae_elf_v_pinch, onia_ninara_cookie
Elf:3:    elf_hall, layout_geoelf_diagonals
Vaults:1: nicolae_vaults_network_s, nicolae_vaults_swerve,
          hangedman_vaults_stitches, nicolae_vaults_alarming,
          layout_vaults_quadrants
Vaults:2: ontoclasm_vaults_idyll, minmay_crypt_entry_simple_plaza, v_misc_15,
          nicolae_vaults_closet_pinwheel_6, grunt_vaults_twisty,
          nicolae_vaults_yaktaur_gun_rack, vaults_room_fours,
          ontoclasm_vaults_loading_screen, nicolae_vaults_doubleplus_tesselated,
          nicolae_vaults_little_squares_5, nicolae_vaults_puzzle_piece,
          v_misc_14, vaults_room_hallway, layout_vaults_omnicross, serial_shops,
          nicolae_shop_statue_plus
Vaults:3: hangedman_vaults_slice, ontoclasm_vaults_gateway,
          nicolae_vaults_double_plus_1, ontoclasm_vaults_hangar,
          nicolae_vaults_little_squares_1, nicolae_vaults_little_squares_6,
          nicolae_vaults_shipping_containers_1, v_misc_29,
          layout_vaults_chaotic_city, uniq_jory
Vaults:4: vaults_room_boxed, nicolae_vaults_closet_pinwheel_3, v_rooms_1,
          nicolae_vaults_border_crossing, nicolae_vaults_trapezoid_layered,
          vaults_standard_mumra_x, nicolae_vaults_double_plus_3,
          nicolae_vaults_wrenched, nicolae_vaults_apartment_2,
          nicolae_vaults_tetromino_L_2, vaults_room_stairs_pillars,
          layout_vaults_maze, serial_shops, nicolae_shop_waterfront,
          uniq_margery, uniq_mara, uniq_boris
Depths:1: layout_basic, grunt_hell_entry_demonic_statue, bloody_trog,
          nicolae_yredelemnul_corpse_copse, serial_bayou_shore_b, firewood_loft,
          uniq_saint_roka
Depths:2: minmay_roctagon, layout_cave_shapes, pf_hell_entry_tar_spiral,
          nicolae_twisting_strands, grunt_pan_entry_spiral, okawaru_gym_becter,
          uniq_grunn, uniq_norris, uniq_josephina
Depths:3: minmay_outward_triangles, layout_cave_pools, minmay_misc_feat_cross,
          minmay_room_of_horrors, pf_coc_iceberg,
          infiniplex_staircase_hallway_doors, uniq_parghit
Depths:4: evilmike_zot_entry_gauntlet, layout_cave_shapes, enter_ziggurat_b,
          grunt_hell_entry_dis_mu, serial_shops, nicolae_shop_gibbet_a_chance,
          shop, nicolae_shop_crystal, nicolae_shop_just_a_little_nook,
          nicolae_zig_zag_zippers, minmay_shop_grove
Zot:1:    layout_twisted_circle, st_stairs_8, regret_index_zotdec_magical_s
Zot:2:    layout_onion_interference, grunt_megastairs_4
Zot:3:    layout_misc_corridors, gammafunk_ghost_grave
Zot:4:    layout_basic
Zot:5:    layout_gridville, hangedman_zot_decor_tridents, skrybe_zot_glass_2

Skill      XL: |  1  2  3  4  5  6  7  8  9 10 11 12 13 14 15 16 17 18 19 20 21 22 23 24 25 26 27 |
---------------+----------------------------------------------------------------------------------+-----
Spellcasting   | 4 5 7 9 11 13 14 16 17 18 19 20 22 23 25 27 | 27.0
Conjurations   | 4 5 7 9 11 13 14 16 17 18 19 20 22 23 25 27 | 27.0
Hexes          | 4 5 7 9 11 13 14 16 17 18 19 20 22 23 25 27 | 27.0
Summonings     | 4 5 7 9 11 13 14 16 17 18 19 20 22 23 25 27 | 27.0
Necromancy     | 4 5 7 9 11 13 14 16 17 18 19 20 22 23 25 27 | 27.0
Translocations | 4 5 7 9 11 13 14 16 17 18 19 20 22 23 25 27 | 27.0
Fire Magic     | 4 5 7 9 11 13 14 16 17 18 19 20 22 23 25 27 | 27.0
Ice Magic      | 4 5 7 9 11 13 14 16 17 18 19 20 22 23 25 27 | 27.0
Air Magic      | 4 5 7 9 11 13 14 16 17 18 19 20 22 23 25 27 | 27.0
Earth Magic    | 4 5 7 9 11 13 14 16 17 18 19 20 22 23 25 27 | 27.0
Alchemy        | 4 5 7 9 11 13 14 16 17 18 19 20 22 23 25 27 | 27.0
Fighting       | 1 3 5 8 9 12 13 14 15 16 17 18 19 | 19.7
Dodging        | 4 6 9 10 11 13 14 16 17 18 19 21 | 21.6
Evocations     | 8 |  8.1
Armour         | 9 14 17 18 19 | 19.9
Stealth        | |  1.5

Action                     |  1- 3 |  4- 6 |  7- 9 | 10-12 | 13-15 | 16-18 | 19-21 | 22-24 | 25-27 || total
---------------------------+-------+-------+-------+-------+-------+-------+-------+-------+-------++-------
  Melee: Long sword        |       |     6 |     1 |     5 |       |       |       |       |       ||    12
         Flail             |       |       |       |     8 |       |       |       |       |       ||     8
         Demon trident     |       |       |       |       |    11 |       |       |       |       ||    11
         Staff             |       |       |       |       |     1 |    14 |    20 |    22 |     3 ||    60
   Cast: Foxfire           |    55 |   111 |   122 |   208 |   367 |   410 |     1 |       |     1 ||  1275
         Scorch            |       |     4 |    34 |    93 |   141 |    28 |       |       |       ||   300
         Inner Flame       |       |     1 |     1 |    39 |    15 |       |       |       |       ||    56
         Flame Wave        |       |       |     1 |    11 |     3 |     1 |    13 |       |     6 ||    35
         Volatile Blastmot |       |       |       |    13 |       |       |       |       |       ||    13
         Blink             |       |       |       |     4 |       |     9 |     2 |     6 |     4 ||    25
         Searing Ray       |       |       |       |       |    20 |    32 |    21 |    70 |       ||   143
         Fireball          |       |       |       |       |    74 |   197 |   458 |   486 |   265 ||  1480
         Conjure Ball Ligh |       |       |       |       |    20 |    29 |     5 |    21 |     4 ||    79
         Curse of Agony    |       |       |       |       |       |     1 |     1 |     1 |       ||     3
         Seismic Cannonade |       |       |       |       |       |    27 |     9 |     6 |     7 ||    49
         Anguish           |       |       |       |       |       |     1 |     3 |       |       ||     4
         Rimeblight        |       |       |       |       |       |       |    20 |    54 |     2 ||    76
         Death Channel     |       |       |       |       |       |       |     1 |       |       ||     1
         Summon Hydra      |       |       |       |       |       |       |       |     6 |       ||     6
         Lehudib's Crystal |       |       |       |       |       |       |       |       |   114 ||   114
         Fire Storm        |       |       |       |       |       |       |       |       |   214 ||   214
 Invoke: Potion Petition   |       |       |       |     1 |     1 |     3 |     1 |     4 |       ||    10
         Call Merchant     |       |       |       |       |       |       |       |       |     1 ||     1
  Evoke: Wand              |       |       |       |       |       |     4 |       |       |       ||     4
    Use: Scroll            |       |       |     3 |    15 |     5 |     5 |     6 |     6 |     4 ||    44
         Potion            |       |       |       |     1 |       |     6 |       |     4 |     2 ||    13
   Stab: Sleeping          |       |       |       |       |       |     1 |       |       |       ||     1
 Armour: Robe              |     2 |     8 |    25 |   145 |    23 |       |       |       |       ||   203
         Leather armour    |       |       |       |       |    70 |   204 |       |       |       ||   274
         Scale mail        |       |       |       |       |       |   139 |   242 |   380 |   199 ||   960
  Dodge: Dodged            |     3 |    10 |    30 |   107 |   117 |   205 |   153 |   238 |   115 ||   978
  Block: Buckler           |       |       |     4 |    12 |       |       |       |       |       ||    16

Table legend: (Time is in decaauts)
 A = Elapsed time spent in this place.
 B = Non-inter-level travel time spent in this place.
 C = Inter-level travel time spent in this place.
 D = Time resting spent in this place.
 E = Time spent auto-exploring this place.
 F = Levels seen in this place.
 G = Mean time per level.
                   A        B        C        D        E       F      G
               +--------+--------+--------+--------+--------+-----+--------+
         Total |  72788 |  67065 |   5723 |  16596 |  36002 |  52 | 1399.8 |
       Dungeon |  18084 |  16235 |   1849 |   2589 |  10927 |  15 | 1205.6 |
          Lair |   8695 |   7922 |    773 |   1723 |   4534 |   5 | 1739.0 |
         Swamp |   6500 |   6327 |    173 |   3169 |   2124 |   4 | 1625.0 |
     Snake Pit |   7472 |   7041 |    431 |   2312 |   3404 |   4 | 1868.0 |
    Slime Pits |   3956 |   3670 |    286 |   1046 |   1477 |   5 |  791.2 |
  Orcish Mines |   2611 |   2430 |    181 |    409 |   1383 |   2 | 1305.5 |
   Elven Halls |   3507 |   3265 |    242 |    433 |   1833 |   3 | 1169.0 |
        Vaults |   7534 |   6899 |    635 |   1683 |   3849 |   4 | 1883.5 |
        Depths |   7739 |   7128 |    611 |   1631 |   3629 |   4 | 1934.8 |
           Zot |   6076 |   5539 |    537 |   1306 |   2797 |   5 | 1215.2 |
       Volcano |    610 |    610 |      0 |    292 |     45 |   1 |  610.0 |
               +--------+--------+--------+--------+--------+-----+--------+

Top non-repeatable levels by time:
 Snake:1: 3425 daAuts
  Lair:1: 2809 daAuts
Depths:1: 2738 daAuts
Vaults:3: 2453 daAuts
    D:14: 2236 daAuts
Depths:4: 2189 daAuts
 Swamp:3: 2101 daAuts
 Swamp:4: 2015 daAuts
    D:11: 1912 daAuts
Vaults:4: 1886 daAuts
Vaults:2: 1737 daAuts
  Lair:5: 1670 daAuts
  Lair:4: 1665 daAuts
    D:10: 1649 daAuts
 Snake:4: 1623 daAuts

Levels and vault maps discovered:
D:1:      spicycebolla_arrival_risky_transporter, layout_loops_ring,
          ebering_ecumenical_altar_ruins
D:2:      layout_loops_corners, uniq_natasha
D:3:      layout_rooms, uniq_ijyb
D:4:      layout_gridville, nicolae_uskayaw_murder_on_the_dancefloor,
          elyvilon_altar_1, kennysheep_mini, grunt_temple_overflow_open
D:5:      layout_layer_cave, minmay_misc_feat_x, minmay_manual_moon
D:6:      layout_loops_ring, tgw_kikubaaqudgha, minmay_temple_entry_steel_oval
D:7:      layout_loops_ring
D:8:      kennysheep_steamy, layout_gridville, kennysheep_doodads
D:9:      layout_roguey, slow_altar_1, serial_shops, shop_statue,
          bh_circular_ruins
D:10:     layout_irregular_city, lair_entry_dummy, uniq_maurice
D:11:     layout_layer_cave, orc_0_dummy, nicolae_blasting_shop
D:12:     layout_gridville, minivault_26
D:13:     cheibrodos_orc_bank, layout_cross, lightli_vaults_fourway_checkpoint,
          gauntlet_entry_generic, hellmonk_scale_shop
D:14:     layout_layer_cave, nicolae_twisty_statue_hallways,
          hangedman_stone_soup, nicolae_ru_great_annihilating_truth
D:15:     grunt_enter_depths_magical_seal, layout_rooms,
          minmay_misc_feat_hallway
Lair:1:   layout_roguey [special_room_bee], nzn_ghost_randoct,
          serial_bayou_shore_b, grunt_megastairs_5
Lair:2:   layout_cave_pods, cheibrodos_lair_reptile_den
Lair:3:   layout_gridlike, skrybe_swamp_entry_bodies,
          guppyfry_snake_entry_garden, nicolae_volcano_entry_hallway,
          basic_altar, nicolae_quartered_pool_little,
          infiniplex_staircase_pool_2
Lair:4:   layout_long_grid, uniq_josephine
Lair:5:   minmay_lair_end_enchanted_forest, layout_hall_layers, slime_entry_1,
          uniq_rupert
Swamp:1:  layout_falls_marsh, evilmike_swamp_ruin_house_5
Swamp:2:  cheibrodos_swamp_monstrosity, layout_falls_marsh,
          hangedman_swamp_ruin_wall
Swamp:3:  layout_basic_swamp, hangedman_swamp_diagram, swamp_pool_3,
          nicolae_swamp_very_dense_foliage
Swamp:4:  byrel_swamp_growth_death_and_undeath, layout_basic_swamp
Snake:1:  layout_layer_cave, uniq_aizul, uniq_asterion
Snake:2:  layout_misc_corridors, grunt_megastairs_3, minmay_shop_star,
          uniq_vashnia
Snake:3:  layout_rooms
Snake:4:  minmay_snake_end_coiled, layout_cave_town
Slime:1:  layout_caves, special_room [special_room_jelly]
Slime:2:  layout_caves
Slime:3:  layout_caves, basic_altar
Slime:4:  layout_caves, basic_altar
Slime:5:  slime_pit_nicolae_amoeboid, uniq_dissolution
Orc:1:    layout_caves, gammafunk_ghost_abyssal_escape, basic_altar, uniq_harold
Orc:2:    st_orc_congregation, layout_diamond_mine
Elf:1:    nicolae_elf_arrival_fired_up, layout_onion_city, serial_shops, shop,
          nicolae_elf_crossing_hall
Elf:2:    nicolae_elf_blades_crystal_corner, layout_loops_corners,
          nicolae_elf_v_pinch, onia_ninara_cookie
Elf:3:    elf_hall, layout_geoelf_diagonals
Vaults:1: nicolae_vaults_network_s, nicolae_vaults_swerve,
          hangedman_vaults_stitches, nicolae_vaults_alarming,
          layout_vaults_quadrants
Vaults:2: ontoclasm_vaults_idyll, minmay_crypt_entry_simple_plaza, v_misc_15,
          nicolae_vaults_closet_pinwheel_6, grunt_vaults_twisty,
          nicolae_vaults_yaktaur_gun_rack, vaults_room_fours,
          ontoclasm_vaults_loading_screen, nicolae_vaults_doubleplus_tesselated,
          nicolae_vaults_little_squares_5, nicolae_vaults_puzzle_piece,
          v_misc_14, vaults_room_hallway, layout_vaults_omnicross, serial_shops,
          nicolae_shop_statue_plus
Vaults:3: hangedman_vaults_slice, ontoclasm_vaults_gateway,
          nicolae_vaults_double_plus_1, ontoclasm_vaults_hangar,
          nicolae_vaults_little_squares_1, nicolae_vaults_little_squares_6,
          nicolae_vaults_shipping_containers_1, v_misc_29,
          layout_vaults_chaotic_city, uniq_jory
Vaults:4: vaults_room_boxed, nicolae_vaults_closet_pinwheel_3, v_rooms_1,
          nicolae_vaults_border_crossing, nicolae_vaults_trapezoid_layered,
          vaults_standard_mumra_x, nicolae_vaults_double_plus_3,
          nicolae_vaults_wrenched, nicolae_vaults_apartment_2,
          nicolae_vaults_tetromino_L_2, vaults_room_stairs_pillars,
          layout_vaults_maze, serial_shops, nicolae_shop_waterfront,
          uniq_margery, uniq_mara, uniq_boris
Depths:1: layout_basic, grunt_hell_entry_demonic_statue, bloody_trog,
          nicolae_yredelemnul_corpse_copse, serial_bayou_shore_b, firewood_loft,
          uniq_saint_roka
Depths:2: minmay_roctagon, layout_cave_shapes, pf_hell_entry_tar_spiral,
          nicolae_twisting_strands, grunt_pan_entry_spiral, okawaru_gym_becter,
          uniq_grunn, uniq_norris, uniq_josephina
Depths:3: minmay_outward_triangles, layout_cave_pools, minmay_misc_feat_cross,
          minmay_room_of_horrors, pf_coc_iceberg,
          infiniplex_staircase_hallway_doors, uniq_parghit
Depths:4: evilmike_zot_entry_gauntlet, layout_cave_shapes, enter_ziggurat_b,
          grunt_hell_entry_dis_mu, serial_shops, nicolae_shop_gibbet_a_chance,
          shop, nicolae_shop_crystal, nicolae_shop_just_a_little_nook,
          nicolae_zig_zag_zippers, minmay_shop_grove
Zot:1:    layout_twisted_circle, st_stairs_8, regret_index_zotdec_magical_s
Zot:2:    layout_onion_interference, grunt_megastairs_4
Zot:3:    layout_misc_corridors, gammafunk_ghost_grave
Zot:4:    layout_basic
Zot:5:    layout_gridville, hangedman_zot_decor_tridents, skrybe_zot_glass_2

Table legend: (Time is in decaauts)
 A = Elapsed time spent in this place.
 B = Non-inter-level travel time spent in this place.
 C = Inter-level travel time spent in this place.
 D = Time resting spent in this place.
 E = Time spent auto-exploring this place.
 F = Levels seen in this place.
 G = Mean time per level.
                   A        B        C        D        E       F      G
               +--------+--------+--------+--------+--------+-----+--------+
         Total |  72788 |  67065 |   5723 |  16596 |  36002 |  52 | 1399.8 |
       Dungeon |  18084 |  16235 |   1849 |   2589 |  10927 |  15 | 1205.6 |
          Lair |   8695 |   7922 |    773 |   1723 |   4534 |   5 | 1739.0 |
         Swamp |   6500 |   6327 |    173 |   3169 |   2124 |   4 | 1625.0 |
     Snake Pit |   7472 |   7041 |    431 |   2312 |   3404 |   4 | 1868.0 |
    Slime Pits |   3956 |   3670 |    286 |   1046 |   1477 |   5 |  791.2 |
  Orcish Mines |   2611 |   2430 |    181 |    409 |   1383 |   2 | 1305.5 |
   Elven Halls |   3507 |   3265 |    242 |    433 |   1833 |   3 | 1169.0 |
        Vaults |   7534 |   6899 |    635 |   1683 |   3849 |   4 | 1883.5 |
        Depths |   7739 |   7128 |    611 |   1631 |   3629 |   4 | 1934.8 |
           Zot |   6076 |   5539 |    537 |   1306 |   2797 |   5 | 1215.2 |
       Volcano |    610 |    610 |      0 |    292 |     45 |   1 |  610.0 |
               +--------+--------+--------+--------+--------+-----+--------+

Top non-repeatable levels by time:
 Snake:1: 3425 daAuts
  Lair:1: 2809 daAuts
Depths:1: 2738 daAuts
Vaults:3: 2453 daAuts
    D:14: 2236 daAuts
Depths:4: 2189 daAuts
 Swamp:3: 2101 daAuts
 Swamp:4: 2015 daAuts
    D:11: 1912 daAuts
Vaults:4: 1886 daAuts
Vaults:2: 1737 daAuts
  Lair:5: 1670 daAuts
  Lair:4: 1665 daAuts
    D:10: 1649 daAuts
 Snake:4: 1623 daAuts

Table legend:
 A = Kills in this place as a percentage of kills in the entire game.
 B = Kills by you in this place as a percentage of kills by you in the entire game.
 C = Kills by friends in this place as a percentage of kills by friends in the entire game.
 D = Other kills in this place as a percentage of other kills in the entire game.
 E = Experience gained in this place as a percentage of experience gained in the entire game.
 F = Experience gained in this place divided by the number of levels of this place that you have seen.
                   A       B       C       D       E      F
               +-------+-------+-------+-------+-------+----------------------
         Total | 100.0 | 100.0 | 100.0 | 100.0 | 100.0 | 26323.2
       Dungeon |  14.5 |  14.7 |   0.0 |  25.0 |   5.4 | 4913.5
          Lair |  11.6 |  11.9 |   0.0 |   0.0 |   4.8 | 13069.4
         Swamp |   6.0 |   5.4 |  27.3 |  50.0 |   5.3 | 18124.5
     Snake Pit |   9.6 |   9.5 |  15.9 |  25.0 |   8.4 | 28656.0
    Slime Pits |   6.3 |   6.2 |  11.4 |   0.0 |   6.3 | 17314.0
  Orcish Mines |   6.8 |   7.0 |   0.0 |   0.0 |   1.5 | 10424.5
   Elven Halls |   6.4 |   6.4 |   6.8 |   0.0 |   7.4 | 33599.7
        Vaults |  11.9 |  12.1 |   4.5 |   0.0 |  15.1 | 51683.0
        Depths |  15.4 |  15.3 |  20.5 |   0.0 |  20.9 | 71549.8
           Zot |  10.7 |  10.6 |  13.6 |   0.0 |  24.6 | 67266.0
       Volcano |   0.9 |   0.9 |   0.0 |   0.0 |   0.4 | 5156.0
               +-------+-------+-------+-------+-------+----------------------
